 Dungeon Sprint DCSS version 0.18-b1-16-g289874d (webtiles) character file.

831 otab the Grappler (level 7, -1/74 HPs)
             Began as a Troll Monk on May 1, 2016.
             Was a Believer of Nemelex Xobeh.
             Shot with an arrow by a centaur warrior (20 damage)
             ... in the Dungeon (Sprint IX: "|||||||||||||||||||||||||||||").
             The game lasted 00:00:56 (222 turns).

otab the Grappler (Troll Monk)                       Turns: 222, Time: 00:00:56

Health: -1/74      AC:  6    Str: 22    XL:     7   Next: 65%
Magic:  8/8        EV: 14    Int:  6    God:    Nemelex Xobeh [**....]
Gold:   0          SH:  0    Dex: 12    Spells: 0 memorised, 6 levels left

rFire  . . .     SeeInvis .       - Unarmed
rCold  . . .     Gourm    +     a - +0 robe
rNeg   . . .     Faith    .     (no shield)
rPois  .         Spirit   .     (helmet restricted)
rElec  .         Dismiss  .     q - +0 cloak
rCorr  .         Reflect  .     (gloves unavailable)
SustAt .         Harm     .     (boots unavailable)
MR     .....     NoTele   +     (no amulet)
Stlth  +.........               (no ring)
                                r - +2 ring of evasion

@: not resistant to hostile enchantments, very unstealthy
A: unfitting armour, claws 3, fast metabolism 3, gourmand, regeneration 2,
shaggy fur 1, tough skin 2
a: Renounce Religion


You were in the Dungeon.
You worshipped Nemelex Xobeh.
Nemelex Xobeh was pleased with you.
You were not hungry.

You visited 1 branch

Inventory:

Armour
 a - a +0 robe (worn)
 q - a +0 cloak (worn)
Jewellery
 r - a +2 ring of evasion (left claw)
 s - a +3 ring of intelligence
Wands
 p - a wand of iceblast (7/15)
Scrolls
 h - 2 scrolls of blinking
 n - 3 scrolls of remove curse
 o - 2 scrolls of amnesia
Potions
 c - 5 potions of curing
 d - 3 potions of heal wounds
 e - a potion of haste
 f - 4 potions of magic
 g - a potion of berserk rage
 m - a potion of invisibility
Miscellaneous
 i - a plain deck of escape
 j - a plain deck of escape
 k - a plain deck of war
 l - a plain deck of destruction
Comestibles
 b - 2 bread rations


   Skills:
 + Level 5.7 Fighting
 + Level 6.3 Dodging
 - Level 1.1 Stealth
 * Level 13.3 Unarmed Combat
 * Level 3.6 Evocations


You had 6 spell levels left.
You didn't know any spells.

Dungeon Overview and Level Annotations

Branches:
Dungeon (1/1)

Altars:
Cheibriados
Dithmenos
Elyvilon
Fedhas
Gozag
Kikubaaqudgha
Makhleb
Nemelex Xobeh
Okawaru
Pakellas
Qazlal
Ru
Sif Muna
Trog
Vehumet
Xom
Yredelemnul
Zin
The Shining One
Beogh
Jiyva
Lugonu


Innate Abilities, Weirdness & Mutations

You are too large for most types of armour.
You have claws for hands.
Your metabolism is lightning-fast.
You like to eat raw meat.
You heal very quickly.
You are covered in fur (AC +1).
You have very tough skin (AC +2).


Message History

The arrow hits you!!
Things that are here:
an arrow; a hippogriff corpse Unknown command.
You barely miss something. You claw something. Something hits you!
Something bites you.
* * * LOW HITPOINT WARNING * * *
Something draws strength from your injuries!
The centaur warrior shoots an arrow.
Unknown command.
You are too injured to fight recklessly!
Unknown command.
You are too injured to fight recklessly!
You are too injured to fight recklessly!
You closely miss something. You claw something.
Reactivating autopickup.
You feel a bit more experienced.
The centaur warrior shoots an arrow.
The arrow hits you!!
You die...
Your body disappears without a glow. ▓▓▓▓▓▓▓▓▓▓▓▓▓▓▓▓▓▓▓▓▓▓▓ +.Joc(@'......†..[[.)|. ▓▓▓▓▓▓▓▓▓▓▓▓▓▓▓▓▓▓▓▓▓▓▓

You could see a centaur warrior, a jelly and an orc.

Vanquished Creatures
  A vampire (D)
  2 hippogriffs (D)
  A mottled dragon (D)
  A sky beast (D)
  An ice beast (D)
  A water moccasin (D)
  A hound (D)
  An orc wizard (D)
  2 worker ants (D)
  An adder (D)
  An ooze (D)
  A dart slug (D)
  A giant gecko (D)
  A bat (D)
  A hobgoblin (D)
  A giant gecko skeleton (D)
  A rat (D)
19 creatures vanquished.

Notes
Turn   | Place    | Note
--------------------------------------------------------------
     0 | D        | otab the Troll Monk began the quest for the Orb.
     0 | D        | Reached XP level 1. HP: 22/22 MP: 0/0
     6 | D        | Reached skill level 5 in Unarmed Combat
     8 | D        | Reached XP level 2. HP: 29/29 MP: 1/1
    17 | D        | Noticed a water moccasin
    19 | D        | Reached skill level 6 in Unarmed Combat
    19 | D        | Reached XP level 3. HP: 33/37 MP: 2/2
    22 | D        | Reached skill level 7 in Unarmed Combat
    29 | D        | Killed a water moccasin
    29 | D        | Reached skill level 9 in Unarmed Combat
    29 | D        | Reached XP level 4. HP: 38/48 MP: 3/3
    29 | D        | Reached XP level 5. HP: 43/54 MP: 4/4
    61 | D        | Found a glowing silver altar of Zin.
    61 | D        | Found a glowing golden altar of the Shining One.
    61 | D        | Found an ancient bone altar of Kikubaaqudgha.
    61 | D        | Found a basalt altar of Yredelemnul.
    61 | D        | Found a shimmering altar of Xom.
    61 | D        | Found a radiant altar of Vehumet.
    62 | D        | Found an iron altar of Okawaru.
    63 | D        | Found a burning altar of Makhleb.
    64 | D        | Found a deep blue altar of Sif Muna.
    65 | D        | Found a bloodstained altar of Trog.
    66 | D        | Found a sparkling altar of Nemelex Xobeh.
    67 | D        | Found a white marble altar of Elyvilon.
    68 | D        | Found a roughly hewn altar of Beogh.
    69 | D        | Found a viscous altar of Jiyva.
    70 | D        | Found a corrupted altar of Lugonu.
    71 | D        | Found a blossoming altar of Fedhas.
    72 | D        | Found a snail-covered altar of Cheibriados.
    75 | D        | Found a shadowy altar of Dithmenos.
    76 | D        | Became a worshipper of Nemelex Xobeh the Trickster
    76 | D        | Received a gift from Nemelex Xobeh
    76 | D        | Received a gift from Nemelex Xobeh
    76 | D        | Reached * piety under Nemelex Xobeh
    76 | D        | Received a gift from Nemelex Xobeh
    76 | D        | Reached ** piety under Nemelex Xobeh
    78 | D        | Found a stormy altar of Qazlal.
    78 | D        | Received a gift from Nemelex Xobeh
    82 | D        | Found an opulent altar of Gozag.
    83 | D        | Found a sacrificial altar of Ru.
    84 | D        | Found an oddly glowing altar of Pakellas.
   117 | D        | Noticed a sky beast
   117 | D        | Noticed a hippogriff
   117 | D        | Noticed an ice beast
   118 | D        | Reached skill level 10 in Unarmed Combat
   125 | D        | Killed an ice beast
   125 | D        | Reached skill level 1 in Evocations
   125 | D        | Reached XP level 6. HP: 42/63 MP: 4/6
   132 | D        | Reached skill level 11 in Unarmed Combat
   140 | D        | Killed a hippogriff
   140 | D        | Reached skill level 5 in Fighting
   140 | D        | Reached skill level 5 in Dodging
   140 | D        | Reached skill level 12 in Unarmed Combat
   145 | D        | Killed a sky beast
   145 | D        | Reached XP level 7. HP: 34/72 MP: 5/8
   211 | D        | Noticed a centaur warrior
   211 | D        | Noticed a vampire
   211 | D        | Noticed a hippogriff
   219 | D        | Killed a hippogriff
   219 | D        | Reached skill level 13 in Unarmed Combat
   222 | D        | Killed a vampire
   222 | D        | Shot with an arrow by a centaur warrior

Skill      XL: |  1  2  3  4  5  6  7 |
---------------+----------------------+-----
Unarmed Combat | 5 6 9 10 12 13 | 13.3
Fighting       | 3 4 5 |  5.7
Dodging        | 3 4 5 6 |  6.3
Evocations     | 1 2 3 |  3.6
Stealth        | |  1.1

Action                   |  1- 3 |  4- 6 |  7- 9 || total
-------------------------+-------+-------+-------++-------
Melee: Unarmed           |    18 |    31 |     9 ||    58
       Punch             |     2 |     3 |     2 ||     7
Armor: Robe              |     5 |     5 |     2 ||    12
Dodge: Dodged            |     9 |    16 |     9 ||    34
